 Dungeon Crawl Stone Soup version 0.28.0-53-g5a82cb258f (webtiles) character file.

Game seed: 13319297124481091683

126 DocClef the Skirmisher (level 4, -4/44 HPs)
             Began as a Draconian Fighter on June 15, 2022.
             Killed from afar by an orc wizard (7 damage)
             ... with a magic dart
             ... on level 3 of the Dungeon.
             The game lasted 00:01:48 (2270 turns).

DocClef the Skirmisher (Draconian Fighter)          Turns: 2270, Time: 00:01:49

Health: -4/44      AC:  5    Str: 20    XL:     4   Next: 83%
Magic:  4/4        EV: 12    Int:  8    God:
Gold:   99         SH:  4    Dex: 11    Spells: 3/3 levels left

rFire   . . .      SeeInvis .   a - +0 war axe
rCold   . . .      Faith    .   b - +0 buckler
rNeg    . . .      Spirit   .   (armour unavailable)
rPois   .          Reflect  .   (helmet restricted)
rElec   .          Harm     .   (no cloak)
rCorr   .          Rampage  .   (no gloves)
Will    .....                   (no boots)
Stlth   +.........              (no amulet)
HPRegen 0.14/turn               (no ring)
MPRegen 0.09/turn               (no ring)

@: no status effects
A: AC +5, unfitting armour, cold-blooded
a: no special abilities


You were on level 3 of the Dungeon.
You visited 1 branch of the dungeon, and saw 3 of its levels.

You collected 99 gold pieces.

Inventory:

Hand Weapons
 a - a +0 war axe (weapon)
Armour
 b - a +0 buckler (worn)
Jewellery
 j - a ring of willpower
 l - a +6 ring of intelligence
Scrolls
 e - a scroll of noise {unknown}
 f - a scroll of identify {unknown}
 h - a scroll of blinking {unknown}
 i - a scroll of fog {unknown}
Potions
 c - a potion of might
 d - a potion of mutation {unknown}
 g - a potion of berserk rage {unknown}
 k - a potion of magic {unknown}


   Skills:
 + Level 6.2 Fighting
 - Level 2.0 Axes
 - Level 2.6 Dodging
 - Level 3.0 Shields


You had 3 spell levels left.
You didn't know any spells.
Your spell library was empty.

Dungeon Overview and Level Annotations

Branches:
Dungeon (3/15)

Altars:
Wu Jian
Xom


Innate Abilities, Weirdness & Mutations

Your plain brown scales are hard. (AC +5)
You cannot fit into any form of body armour.
You are cold-blooded and may be slowed by cold attacks.


Message History

The orc wizard hits you but does no damage.
You miss the orc wizard.
The orc wizard is heavily wounded.
The orc wizard hits you with a +0 dagger.
* * * LOW HITPOINT WARNING * * *
You hit the orc wizard but do no damage.
The orc wizard is heavily wounded.
You hit the dart slug. The orc wizard casts a spell at you.
You are confused.
The dart slug launches a dart at you. The slug dart hits you.
* * * LOW HITPOINT WARNING * * *
You barely miss the orc wizard.
The orc wizard is heavily wounded.
You slash the dart slug!
You kill the dart slug!
The orc wizard barely misses you.
The orc wizard hits you but does no damage.
Unknown command.
You bump into the rock wall.
The orc wizard barely misses you.
You barely miss the orc wizard.
The orc wizard is heavily wounded.
The orc wizard barely misses you.
You're too confused to move!
The orc wizard closely misses you.
You closely miss the orc wizard.
The orc wizard is heavily wounded.
You feel less confused.
The orc wizard hits you but does no damage.
The orc wizard casts a spell at you. You resist with some effort.
You barely miss the orc wizard.
The orc wizard is heavily wounded.
The orc wizard points at you and mumbles some strange words.
You resist with some effort.
You barely miss the orc wizard.
The orc wizard is heavily wounded.
The orc wizard casts a spell at you. The magic dart hits you!
You die...

#.# #.#.# ... . #.#.#
#....#. #.#.# #.##.#.###
#.#.# #.##..#..
#.#.####.##.#.#.
#.#...##.#.... .####
..#.#.##.#..# #†..####
.....§.#.#..# ##@#.....
.§≈≈≈§.....)###.o...##
.....§(.....†)).........
≈≈≈≈.≈...##.###.....###.
§.§≈.≈...##.# ##...##
§≈§§.≈...##.# ##.##
$≈§§.≈...##.# .#
.≈§§.§...##.. .#
§....≈....... ..


You could see an orc wizard.

Vanquished Creatures
  Jessica (D:2)
  3 adders
  3 worms (D:2)
  2 dart slugs
  An orc (D:3)
  An endoplasm (D:1)
  5 giant cockroaches
  5 goblins
  2 hobgoblins (D:1)
  A quokka (D:2)
  5 ball pythons
  2 bats
  2 frilled lizards (D:1)
  8 kobolds
  5 rats
46 creatures vanquished.

Vanquished Creatures (others)
  An orc wizard (D:3)
  A goblin (D:3)
  5 toadstools (D:1)
7 creatures vanquished.

Grand Total: 53 creatures vanquished

Notes
Turn   | Place    | Note
-------+----------+-------------------------------------------
     0 | D:1      | DocClef the Draconian Fighter began the quest for the Orb.
     0 | D:1      | Reached XP level 1. HP: 19/19 MP: 1/1
   153 | D:1      | Reached XP level 2. HP: 27/27 MP: 2/2
   160 | D:1      | Reached skill level 4 in Fighting
   799 | D:1      | Reached XP level 3. HP: 34/34 MP: 3/3
  1405 | D:2      | Found a faded altar of an unknown god.
  1422 | D:2      | Reached skill level 5 in Fighting
  1838 | D:2      | Noticed Jessica
  1842 | D:2      | Killed Jessica
  1843 | D:2      | Reached XP level 4. HP: 27/42 MP: 4/4
  2202 | D:3      | Found an ornate altar of the Wu Jian Council.
  2204 | D:3      | Found a shimmering altar of Xom.
  2253 | D:3      | Reached skill level 6 in Fighting
  2263 | D:3      | HP: 2/44 [dart slug/slug dart (5)]
  2270 | D:3      | Killed from afar by an orc wizard

Illustrated notes

Levels and vault maps discovered:
D:1:      ldierk_walled_garden, layout_basic
D:2:      layout_loops_ring, nicolae_ecumenical_snake_handling, uniq_jessica
D:3:      layout_loops_ring, mainiacjoe_overflow_catwalk_spiral,
          minmay_misc_feat_chi, patterned_corridor

Skill      XL: |  1  2  3  4 |
---------------+-------------+-----
Fighting       | 4 5 6 |  6.2
Axes           | |  2.0
Dodging        | |  2.6
Shields        | |  3.0

Action                   |  1- 3 |  4- 6 || total
-------------------------+-------+-------++-------
Melee: War axe           |    73 |    46 ||   119
       Tailslap          |     7 |     2 ||     9
 Stab: Sleeping          |     3 |       ||     3
Armor: Skin              |    15 |    14 ||    29
Dodge: Dodged            |    43 |    37 ||    80
Block: Buckler           |    14 |    12 ||    26
